 Dungeon Crawl Stone Soup version 0.31-a0-750-gfe7b580527 (webtiles) character file.

Game seed: 16519771058761216981

89 Aneyh the Poker (level 4, -6/28 HPs)
             Began as a Tengu Monk on Sept 14, 2023.
             Mangled by an iguana (9 damage)
             ... on level 3 of the Dungeon.
             The game lasted 00:01:55 (1393 turns).

Aneyh the Poker (Tengu Monk)                        Turns: 1393, Time: 00:01:56

Health: -6/28      AC:  3    Str: 13    XL:     4   Next: 55%
Magic:  5/5        EV: 13    Int: 10    God:
Gold:   84         SH:  0    Dex: 17    Spells: 3/3 levels left

rFire   . . .        q - +0 halberd
rCold   . . .        (shield currently unavailable)
rNeg    . . .        b - +0 robe
rPois   .            (helmet restricted)
rElec   .            (no cloak)
rCorr   .            j - +0 pair of gloves
SInv    .            (boots unavailable)
Will    +....        (no amulet)
Stlth   ++           r - ring of willpower
HPRegen 0.24/turn    (no ring)
MPRegen 0.09/turn

%: acrobat
@: no status effects
A: beak, talons 3, acrobatic
a: no special abilities


You were on level 3 of the Dungeon.
You visited 1 branch of the dungeon, and saw 3 of its levels.

You collected 84 gold pieces.

Inventory:

Hand Weapons
 a - a +0 spear
 q - a +0 halberd (weapon)
Armour
 b - a +0 robe (worn)
 d - an orb of light
 j - a +0 pair of gloves (worn)
 l - a +0 ring mail
Jewellery
 r - a ring of willpower (left hand)
Scrolls
 e - a scroll of amnesia {unknown}
 g - 2 scrolls of silence {unknown}
 m - a scroll of teleportation {unknown}
 n - a scroll of immolation {unknown}
 o - a scroll of revelation {unknown}
 p - a scroll of noise {unknown}
 s - a scroll of fear {unknown}
Potions
 f - a potion of curing {unknown}
 h - a potion of brilliance {unknown}
 i - a potion of might {unknown}
 k - a potion of attraction {unknown}


   Skills:
 - Level 3.0 Fighting
 + Level 5.7 Polearms
 - Level 3.2 Dodging


You had 3 spell levels left.
You didn't know any spells.
Your spell library contained the following spells:

 Spells                   Type           Power      Damage    Failure   Level
 Cigotuvi's Dreadful Rot  Necr/Pois/Air  0%         N/A       50%         2
 Ignite Poison            Fire/Tmut/Pois 0%         N/A       75%         3
 Freezing Cloud           Conj/Ice/Air   0%         6-21      100%        5


Dungeon Overview and Level Annotations

Branches:
Dungeon (3/15)

Altars:


Innate Abilities, Weirdness & Mutations

You have a beak for a mouth.
You have claws for feet.
You can magically evade attacks while moving or waiting.


Message History

The gnoll attacks as it pursues you!
The gnoll hits you from afar with a +0 spear!
* * * LOW HITPOINT WARNING * * *
The iguana attacks as it pursues you! The iguana bites you.
* * * LOW HITPOINT WARNING * * *
You are confused.
You feel invigorated.
A gnoll comes into view. It is wielding a +0 halberd.
The iguana bites you.
* * * LOW HITPOINT WARNING * * *
The gnoll barely misses you.
You're too confused to move!
The gnoll shouts!
The iguana barely misses you.
The gnoll hits you from afar with a +0 spear!
* * * LOW HITPOINT WARNING * * *
The iguana attacks as it pursues you! The iguana misses you.
The gnoll attacks as it pursues you! The gnoll misses you.
The gnoll attacks as it pursues you! The gnoll hits you but does no damage.
You bump into the rock wall.
The iguana closely misses you. The gnoll hits you but does no damage.
The gnoll barely misses you.
You bump into the rock wall.
You feel less invigorated.
You feel less confused. The iguana bites you. The gnoll barely misses you.
The gnoll hits you from afar with a +0 spear.
You barely miss the iguana. You claw the iguana, but do no damage.
Your peck misses the iguana.
The iguana is heavily wounded.
The iguana closely misses you. The gnoll closely misses you.
The gnoll hits you from afar with a +0 spear.
The iguana bites you but does no damage.
You closely miss the iguana. You claw the iguana.
You peck the iguana, but do no damage.
The iguana is heavily wounded.
The gnoll hits you from afar with a +0 spear!
* * * LOW HITPOINT WARNING * * *
The gnoll hits you from afar with a +0 spear.
* * * LOW HITPOINT WARNING * * *
The iguana bites you!
You die...

####....<...#.#
####....######.#..
#....#### #.#.#
########....#
#.#.#
#..........##
##### #..........#
#..........#
#.....g....# .
#....ggl@..#
.:..##.....##...#
#.......[###...#
....>...### #...#
#####.#.# #...#
#.... #...# ..#..
#...# ##.#...
..... . ....


You could see an iguana and 3 gnolls.

Vanquished Creatures
  4 gnolls
  An adder (D:2)
  A dart slug (D:2)
  2 bats
  6 endoplasms
  3 giant cockroaches
  4 goblins
  2 hobgoblins (D:1)
  2 jackals (D:1)
  2 quokkas
  4 ball pythons
  2 frilled lizards
  A kobold (D:2)
  A rat (D:1)
35 creatures vanquished.

Notes
Turn   | Place    | Note
-------+----------+-------------------------------------------
     0 | D:1      | Aneyh the Tengu Monk began the quest for the Orb.
     0 | D:1      | Reached XP level 1. HP: 14/14 MP: 2/2
   259 | D:1      | Reached XP level 2. HP: 19/19 MP: 3/3
   264 | D:1      | Reached skill level 4 in Polearms
   556 | D:2      | Reached XP level 3. HP: 23/23 MP: 4/4
   713 | D:2      | Reached skill level 5 in Polearms
   851 | D:2      | Reached XP level 4. HP: 28/28 MP: 5/5
  1387 | D:3      | HP: 1/28 [gnoll/+0 spear (7)]
  1393 | D:3      | Mangled by an iguana

Illustrated notes

Levels and vault maps discovered:
D:1:      dpeg_arrival_shelter, layout_basic, st_stairs_8
D:2:      layout_basic
D:3:      layout_basic

Skill      XL: |  1  2  3 |
---------------+----------+-----
Polearms       | 4 5 |  5.7
Fighting       | |  3.0
Dodging        | |  3.2

Action                     |  1- 3 |  4- 6 || total
---------------------------+-------+-------++-------
  Melee: Spear             |    51 |       ||    51
         Kick              |    18 |     6 ||    24
         Peck              |     4 |     7 ||    11
         Halberd           |     2 |    33 ||    35
    Use: Potion            |       |     1 ||     1
   Stab: Sleeping          |       |     1 ||     1
 Armour: Robe              |    12 |    24 ||    36
  Dodge: Dodged            |    28 |    24 ||    52

Table legend: (Time is in decaauts)
 A = Elapsed time spent in this place.
 B = Non-inter-level travel time spent in this place.
 C = Inter-level travel time spent in this place.
 D = Time resting spent in this place.
 E = Time spent auto-exploring this place.
 F = Levels seen in this place.
 G = Mean time per level.
                   A        B        C        D        E       F      G
               +--------+--------+--------+--------+--------+-----+--------+
         Total |   1394 |   1335 |     59 |    139 |    899 |   3 |  464.7 |
       Dungeon |   1394 |   1335 |     59 |    139 |    899 |   3 |  464.7 |
               +--------+--------+--------+--------+--------+-----+--------+

Top non-repeatable levels by time:
     D:1: 642 daAuts
     D:2: 457 daAuts
     D:3: 294 daAuts
